 Dungeon Crawl Stone Soup version 0.28-a0-726-g4a9143789a (webtiles) character file.

Game seed: 4114094675247584348

11579 blank1 the Fighter (level 11, -7/104 HPs)
             Began as a Minotaur Fighter on Oct 27, 2021.
             Was a High Priest of Okawaru.
             Killed from afar by an ice statue (11 damage)
             ... with a bolt of cold
             ... in an ice cave.
             The game lasted 00:27:04 (11284 turns).

blank1 the Fighter (Minotaur Fighter)              Turns: 11284, Time: 00:27:06

Health: -7/104     AC: 15    Str: 24    XL:     11   Next: 51%
Magic:  0/13       EV: 12    Int:  5    God:    Okawaru [*****.]
Gold:   487        SH: 14    Dex: 16    Spells: 10/10 levels left

rFire   . . .      SeeInvis .   C - +5 scimitar
rCold   . . .      Faith    .   n - +3 kite shield of the Fisher {Will+}
rNeg    . . .      Spirit   +   y - +0 plate armour
rPois   .          Reflect  .   (helmet restricted)
rElec   .          Harm     .   (no cloak)
rCorr   .          Rampage  .   (no gloves)
Will    +....                   o - +0 pair of boots
Stlth   ..........              a - amulet of guardian spirit
HPRegen 0.27/turn               e - +6 ring of dexterity
MPRegen 0.13/turn               w - +4 ring of evasion

@: mighty
A: horns 2, retaliatory headbutt
a: Renounce Religion, Heroism, Finesse, Duel


You were in an ice cave.
You worshipped Okawaru.
Okawaru was extremely pleased with you.
You visited 1 branch of the dungeon, and saw 11 of its levels.
You also visited: Ice Cave.

You collected 648 gold pieces.
You spent 161 gold pieces at shops.

Inventory:

Hand Weapons
 p - a +1 vorpal flail
 C - a +5 scimitar (weapon)
Missiles
 k - 2 throwing nets (quivered)
Armour
 n - the +3 kite shield of the Fisher (worn) {Will+}
   (You bought it in a shop on level 4 of the Dungeon)

   Will:      It increases your willpower.
 o - a +0 pair of boots (worn)
 y - a +0 plate armour (worn)
Jewellery
 a - an amulet of guardian spirit (around neck)
 e - a +6 ring of dexterity (left hand)
 q - a ring of resist corrosion
 r - a ring of positive energy
 t - an amulet of the acrobat
 w - a +4 ring of evasion (right hand)
 F - a ring of poison resistance
Wands
 h - a wand of acid (8)
 s - a wand of mindburst (8)
 v - a wand of digging (4)
 z - a wand of paralysis (12)
Scrolls
 c - a scroll of silence
 f - 2 scrolls of teleportation
 g - a scroll of enchant armour
 i - 5 scrolls of enchant weapon
 l - 3 scrolls of blinking
 m - 5 scrolls of fear
 u - 2 scrolls of amnesia
Potions
 b - 2 potions of flight
 j - a potion of lignification
 x - a potion of brilliance {unknown}
 A - a potion of attraction
 B - 3 potions of haste
 D - a potion of mutation
 E - a potion of cancellation


   Skills:
 + Level 12.1 Fighting
 + Level 12.1 Long Blades
 - Level 9.0 Armour
 + Level 5.2 Dodging
 - Level 9.0 Shields
 - Level 5.0 Invocations
 - Level 2.0 Evocations


You had 10 spell levels left.
You didn't know any spells.
Your spell library contained the following spells:

 Spells                   Type           Power      Damage    Failure   Level
 Slow                     Hex            0%         N/A       100%        2
 Confusing Touch          Hex            0%         N/A       100%        3
 Gell's Gravitas          Tloc           0%         N/A       100%        3
 Inner Flame              Hex/Fire       0%         N/A       100%        3
 Teleport Other           Tloc           0%         N/A       100%        3
 Vampiric Draining        Necr           0%         2d6       100%        3
 Cause Fear               Hex            0%         N/A       100%        4
 Dispersal                Tloc           0%         N/A       100%        6
 Discord                  Hex            0%         N/A       100%        8


Dungeon Overview and Level Annotations

Branches:
Dungeon (11/15)            Temple (0/1) D:5            Lair (0/6) D:10
  IceCv (1/1)
    Orc: D:9-12

Altars:
Cheibriados
Nemelex Xobeh
Okawaru
Qazlal
Ru
Trog
Wu Jian
Yredelemnul
The Shining One

Shops:
D:4 [   D:5 ?

Annotations:
D:11 1 transporter IceCv 1 transporter, exclusion: 2 ice statues


Innate Abilities, Weirdness & Mutations

You have a pair of horns on your head.
You reflexively headbutt those who attack you in melee.


Message History

The white ugly thing is almost dead.
You block the white ugly thing's attack.
Okay, then.
You hit the white ugly thing.
You kill the white ugly thing!
Okawaru accepts your kill. Okawaru grants you a weapon!
Something appears at your feet!
You see here the +11 great sword of Honesty {freeze, rF++ Dex-4 SInv}.
The ice statue gestures. x2
The ice statue gestures.
The ice statue gestures.
The ice beast hits you but does no damage.
You block the ice beast's attack.
You slice the ice statue!!
The ice statue is moderately damaged.
You block the ice beast's attack. The ice statue gestures at you.
The bolt of cold hits you!!
* * * LOW HITPOINT WARNING * * *
The bolt of cold hits the ice beast.
The ice beast completely resists.
You block the ice beast's attack. x2
The ice statue gestures at you.
The freezing blast engulfs the ice beast.
The ice beast completely resists.
The ice statue gestures at you. The bolt of cold misses you.
You slash the ice statue!
The ice statue is heavily damaged.
You block the ice beast's attack. x2
You slash the ice statue! Your headbutt misses the ice statue.
The ice statue is heavily damaged.
You block the ice beast's attack. x2
The ice beast closely misses you. You furiously retaliate!
You headbutt the ice beast.
The ice beast hits you but does no damage.
The ice statue gestures at you.
The bolt of cold hits the ice beast.
The ice beast completely resists.
The bolt of cold hits you!
You die...

###############
#∩..8.[○☼Y8Y@©#
#.....$:☼○YYY.#
#8.....☼○○.8##
#8.......8##
##8.†©..8##
###########
##...8©8...##
#.....©.(...#
##....(.?....##


You could see an ice statue and 5 ice beasts.

Vanquished Creatures
  A sixfirhy (D:8)
  A deep elf pyromancer (D:11)
  3 ugly things
  A gargoyle (D:10)
  A komodo dragon (D:10)
  2 rime drakes (D:11)
  A troll (D:9)
  A wraith (D:11)
  A wyvern (D:9)
  A vampire (D:9)
  A human (D:6)
  6 yaks (D:10)
  2 vampire mosquitoes (D:10)
  2 wargs (D:10)
  An acid dragon (D:8)
  3 water moccasins
  8 orc warriors
  2 ice beasts
  A sky beast (D:4)
  2 necrophages (D:7)
  A hornet zombie (D:8)
  7 ogres
  4 centaurs
  4 kobold brigands
  5 bullfrogs
  A gnoll sergeant (D:5)
  A wyvern zombie (D:6)
  A cane toad simulacrum (IceCv)
  A wyvern skeleton (D:7)
  A water moccasin zombie (D:5)
  4 killer bees (D:9)
  3 wights (D:9)
  4 howler monkeys (D:7)
  4 centaur zombies
  2 bullfrog zombies
  2 hounds
  A human zombie (D:6)
  2 jellies
  6 gnoll shamans
  An iron imp (D:4)
  A centaur skeleton (D:7)
  5 orc priests
  15 orc wizards
  A scorpion zombie (D:5)
  A human skeleton (D:6)
  A killer bee zombie (D:7)
  A wolf simulacrum (IceCv)
  A howler monkey zombie (D:9)
  32 gnolls
  A howler monkey skeleton (D:7)
  4 adders
  2 white imps
  An ufetubus (D:7)
  An adder skeleton (D:3)
  6 worms
  7 dart slugs
  39 orcs
  7 endoplasms
  4 giant cockroaches
  12 goblins
  10 hobgoblins
  2 jackals (D:4)
  25 kobolds
  6 quokkas
  7 ball pythons
  5 bats
  4 frilled lizards
  A goblin skeleton (D:5)
  4 hobgoblin zombies (D:5)
  A jackal zombie (D:6)
  A kobold zombie (D:5)
  5 orc skeletons (D:5)
  6 rats
315 creatures vanquished.

Vanquished Creatures (others)
  6 fungi (D:7)
  13 plants (D:7)
19 creatures vanquished.

Grand Total: 334 creatures vanquished

Notes
Turn   | Place    | Note
-------+----------+-------------------------------------------
     0 | D:1      | blank1 the Minotaur Fighter began the quest for the Orb.
     0 | D:1      | Reached XP level 1. HP: 19/19 MP: 0/0
   148 | D:1      | Reached XP level 2. HP: 24/27 MP: 1/1
   589 | D:2      | Found a bloodstained altar of Trog.
   646 | D:2      | Reached XP level 3. HP: 26/33 MP: 2/2
  1316 | D:2      | Reached XP level 4. HP: 37/40 MP: 3/3
  1319 | D:2      | Reached skill level 1 in Dodging
  2055 | D:3      | Reached XP level 5. HP: 47/47 MP: 4/4
  2233 | D:3      | Found a sparkling altar of Nemelex Xobeh.
  2458 | D:4      | Found Kiriysm's Antique Armour Shop.
  2655 | D:4      | Reached skill level 5 in Fighting
  2655 | D:4      | Reached skill level 5 in Long Blades
  3012 | D:4      | Bought an encrusted kite shield for 161 gold pieces
  3012 | D:4      | Identified the +3 kite shield of the Fisher {Will+} (You
                  | bought it in a shop on level 4 of the Dungeon)
  3034 | D:5      | Entered Level 5 of the Dungeon
  3051 | D:5      | Reached XP level 6. HP: 48/56 MP: 5/5
  3454 | D:5      | Noticed an ice beast
  3459 | D:5      | Killed an ice beast
  3548 | D:5      | Reached skill level 5 in Armour
  3548 | D:5      | Reached XP level 7. HP: 62/62 MP: 6/6
  3557 | D:5      | Found a glowing golden altar of the Shining One.
  3578 | D:4      | Reached skill level 5 in Shields
  3855 | D:5      | Found an ornate altar of the Wu Jian Council.
  3855 | D:5      | Found an iron altar of Okawaru.
  3863 | D:5      | Became a worshipper of Warmaster Okawaru
  4032 | D:5      | Found a snail-covered altar of Cheibriados.
  4049 | D:5      | Found Pahafam's Magic Scroll Shop.
  4248 | D:5      | Reached skill level 1 in Invocations
  4358 | D:5      | Found a staircase to the Ecumenical Temple.
  4380 | D:5      | Found a stormy altar of Qazlal.
  4480 | D:5      | Found a sacrificial altar of Ru.
  4783 | D:6      | Reached XP level 8. HP: 72/73 MP: 8/8
  4795 | D:6      | Found a runed translucent door.
  4801 | D:6      | Found a basalt altar of Yredelemnul.
  4819 | D:6      | Reached * piety under Okawaru
  6029 | D:7      | Reached XP level 9. HP: 81/81 MP: 11/11
  6140 | D:7      | Reached ** piety under Okawaru
  6149 | D:7      | Reached skill level 1 in Evocations
  6901 | D:7      | Reached skill level 5 in Invocations
  7921 | D:8      | Reached skill level 10 in Fighting
  7921 | D:8      | Reached skill level 10 in Long Blades
  7949 | D:8      | Reached *** piety under Okawaru
  8085 | D:8      | Reached XP level 10. HP: 87/93 MP: 12/12
  8108 | D:8      | Found a runed translucent door.
  8108 | D:8      | Noticed a sixfirhy
  8599 | D:8      | Killed a sixfirhy
  8742 | D:9      | Reached skill level 5 in Dodging
  9201 | D:9      | Reached **** piety under Okawaru
  9711 | D:10     | Entered Level 10 of the Dungeon
  9954 | D:10     | Noticed a gargoyle
  9969 | D:10     | Killed a gargoyle
 10000 | D:10     | Found a staircase to the Lair.
 10088 | D:10     | Reached XP level 11. HP: 103/103 MP: 13/13
 10090 | D:10     | Reached ***** piety under Okawaru
 10201 | D:10     | Noticed a white ugly thing
 10222 | D:10     | Killed a white ugly thing
 10742 | D:10     | Identified the +0 ring mail of Sinwimal {Str+8}
 10903 | D:10     | You fall into a shaft and drop 1 floor!
 10928 | D:11     | Found a transporter.
 10937 | D:11     | Noticed a deep elf pyromancer
 10947 | D:11     | Killed a deep elf pyromancer
 10991 | D:11     | Found a frozen archway.
 11010 | IceCv    | Entered an ice cave
 11010 | IceCv    | Noticed a white ugly thing
 11014 | IceCv    | Found a transporter.
 11022 | IceCv    | Killed a white ugly thing
 11259 | IceCv    | Noticed a white ugly thing
 11262 | IceCv    | Found a transporter.
 11276 | IceCv    | Killed a white ugly thing
 11276 | IceCv    | Identified the +11 great sword of Honesty {freeze, rF++
                  | Dex-4 SInv} (Okawaru gifted it to you in an ice cave)
 11276 | IceCv    | Received a gift from Okawaru
 11280 | IceCv    | HP: 3/104 [ice statue/bolt of cold (15)]
 11284 | IceCv    | Killed from afar by an ice statue

Illustrated notes

Levels and vault maps discovered:
D:1:      lightli_arrival_boilingwater, layout_rooms, minmay_misc_feat_cross
D:2:      minmay_chambers_of_twos, layout_rooms, basic_altar,
          serial_bayou_pond_a, kennysheep_generic_room_10
D:3:      layout_basic, nemelex_spade_bored_becter,
          minmay_fractal_squares_gapless_5
D:4:      layout_rooms, serial_shops, nicolae_diamond_shop
D:5:      layout_cave_pools, general_overflow_altar,
          mainiacjoe_overflow_large_starburst, mainiacjoe_overflow_chevrons,
          grunt_qazlal_sundering, nicolae_tso_besieged_by_evil, serial_shops,
          nicolae_lakefront_shop, grunt_decor_cap
D:6:      layout_loops_ring, dk_yredelemnul_ordeal
D:7:      kennysheep_seaside_town, layout_basic, minivault_22
D:8:      cheibrodos_shockbox, layout_basic
D:9:      layout_roguey, kennysheep_generic_room_11
D:10:     layout_roguey, erik_lair_orcish_takeover
D:11:     layout_rooms, portal_ice_cave_rime, gammafunk_ghost_abyssal_escape
IceCv:    ice_cave_statue_garden_transporter

Skill      XL: |  1  2  3  4  5  6  7  8  9 10 11 |
---------------+----------------------------------+-----
Fighting       | 4 5 7 8 10 11 12 | 12.1
Shields        | 4 5 6 8 9 |  9.0
Armour         | 4 5 6 8 9 |  9.0
Long Blades    | 3 4 5 7 8 10 11 12 | 12.1
Dodging        | 1 2 3 4 5 |  5.2
Invocations    | 2 4 5 |  5.0
Evocations     | 2 |  2.0

Action                   |  1- 3 |  4- 6 |  7- 9 | 10-12 || total
-------------------------+-------+-------+-------+-------++-------
Melee: Long sword        |    87 |   150 |   367 |    49 ||   653
       Headbutt          |    15 |    26 |    94 |    74 ||   209
       Scimitar          |       |       |       |   225 ||   225
Invok: Heroism           |       |       |     1 |     5 ||     6
       Finesse           |       |       |       |     1 ||     1
  Use: Scroll            |       |    11 |     5 |     5 ||    21
       Potion            |       |       |       |     2 ||     2
Armor: Scale mail        |    26 |       |       |       ||    26
       Chain mail        |    13 |    73 |   119 |       ||   205
       Plate armour      |       |       |    12 |    78 ||    90
Dodge: Dodged            |    28 |    44 |    98 |    86 ||   256
Block: Buckler           |    17 |    27 |       |       ||    44
       Kite shield       |       |    28 |   265 |   203 ||   496

Table legend: (Time is in decaauts)
 A = Elapsed time spent in this place.
 B = Non-inter-level travel time spent in this place.
 C = Inter-level travel time spent in this place.
 D = Time resting spent in this place.
 E = Time spent auto-exploring this place.
 F = Levels seen in this place.
 G = Mean time per level.
                   A        B        C        D        E       F      G
               +--------+--------+--------+--------+--------+-----+--------+
         Total |  11403 |  10964 |    439 |   2120 |   6278 |  12 |  950.2 |
       Dungeon |  11137 |  10698 |    439 |   1898 |   6277 |  11 | 1012.5 |
      Ice Cave |    266 |    266 |      0 |    222 |      1 |   1 |  266.0 |
               +--------+--------+--------+--------+--------+-----+--------+

Top non-repeatable levels by time:
     D:7: 1792 daAuts
     D:5: 1310 daAuts
    D:10: 1186 daAuts
     D:4: 1127 daAuts
     D:9: 1089 daAuts
     D:8: 1042 daAuts
     D:6: 1027 daAuts
     D:2: 948 daAuts
     D:1: 815 daAuts
     D:3: 697 daAuts
   IceCv: 266 daAuts
    D:11: 100 daAuts
